 Dungeon Crawl Stone Soup version 0.32-a0-732-ga344392067 (webtiles) character file.

Game seed: 1781930009804009286

6 inmateoo the Shield-Bearer (level 1, -2/19 HPs)
             Began as a Mountain Dwarf Fighter on Mar 17, 2024.
             Slain by a kobold
             ... wielding a +3 whip of freezing
              (5 damage)
             ... on level 1 of the Dungeon.
             The game lasted 00:00:11 (173 turns).

inmateoo the Shield-Bearer (Mountain Dwarf Fighter)  Turns: 173, Time: 00:00:11

Health: -2/19      AC:  6    Str: 18    XL:     1   Next: 75%
Magic:  1/1        EV:  8    Int:  8    God:
Gold:   16         SH:  4    Dex:  9    Spells: 0/0 levels left

rFire   . . .        a - +0 trident
rCold   . . .        c - +0 buckler
rNeg    . . .        b - +0 scale mail
rPois   .            (no helmet)
rElec   .            (no cloak)
rCorr   .            (no gloves)
SInv    .            (no boots)
Will    .....        (no amulet) Stlth
                     (no ring)
HPRegen 0.23/turn    (no ring)
MPRegen 0.07/turn

%: no passive effects
@: no status effects
A: runic magic, artefact enchanting
a: no special abilities


You were on level 1 of the Dungeon.
You visited 1 branch of the dungeon, and saw 1 of its levels.

You collected 16 gold pieces.

Inventory:

Hand Weapons
 a - a +0 trident (weapon)
Armour
 b - a +0 scale mail (worn)
 c - a +0 buckler (worn)
Potions
 d - a potion of might
 e - a potion of curing {unknown}


   Skills:
 + Level 3.3 Fighting
 * Level 2.2 Polearms
 + Level 3.3 Armour
 + Level 0.1 Dodging
 + Level 3.3 Shields


You couldn't memorise any spells.
You didn't know any spells.
Your spell library was empty.

Dungeon Overview and Level Annotations

Branches:
Dungeon (1/15)

Altars:


Innate Abilities, Weirdness & Mutations

Your spellcasting is much less encumbered by armour.
You can use scrolls of enchantment on lesser artefacts.


Message History

A bat comes into view.
The bat closely misses you.
A bat is nearby!
You hit the bat.
You kill the bat!
No target in view!
A kobold and a rat come into view.
The kobold is wielding a +3 whip of freezing.
Found a stone staircase leading down.
The kobold shouts!
The rat squeaks loudly.
You reach to attack!
You miss the kobold. You closely miss the kobold.
The kobold closely misses you.
You closely miss the kobold.
The kobold hits you with a +3 whip of freezing.
The kobold freezes you. You block the kobold's attack.
You hit the kobold.
The kobold is moderately wounded.
The kobold barely misses you.
You closely miss the kobold.
The kobold is moderately wounded.
The kobold misses you.
You closely miss the kobold.
The kobold is moderately wounded.
The rat bites you but does no damage.
The kobold hits you with a +3 whip of freezing.
The kobold freezes you.
You are too injured to fight recklessly!
You are too injured to fight recklessly!
You barely miss the kobold.
The kobold is moderately wounded.
You block the rat's attack.
The kobold hits you with a +3 whip of freezing.
* * * LOW HITPOINT WARNING * * *
The kobold freezes you.
* * * LOW HITPOINT WARNING * * *
You closely miss the kobold.
The kobold is moderately wounded.
The rat bites you but does no damage.
The kobold hits you with a +3 whip of freezing.
You die...

.. #########.#
...##>.........
.......Kr....#
....####@....#
...........###
....####....##.## .
..#...........
#.#.#...#...#
#.#...#...#......
#.#..###.###....
#.....#...#....# #
###.#...#...#..#.####


You could see a kobold and a rat.

Vanquished Creatures
  A goblin (D:1)
  A bat (D:1)
  6 rats (D:1)
8 creatures vanquished.

Notes
Turn   | Place    | Note
-------+----------+-------------------------------------------
     0 | D:1      | inmateoo the Mountain Dwarf Fighter began the quest for the
                  | Orb.
     0 | D:1      | Reached XP level 1. HP: 19/19 MP: 1/1
   173 | D:1      | Slain by a kobold

Illustrated notes

Levels and vault maps discovered:
D:1:      dpeg_arrival_ratfight, layout_basic, minmay_misc_feat_four_crosses

Action                     || total
---------------------------++-------
  Melee: Trident           ||    28
 Armour: Scale mail        ||    11
  Dodge: Dodged            ||     7
  Block: Buckler           ||     6

Table legend: (Time is in decaauts)
 A = Elapsed time spent in this place.
 B = Non-inter-level travel time spent in this place.
 C = Inter-level travel time spent in this place.
 D = Time resting spent in this place.
 E = Time spent auto-exploring this place.
 F = Levels seen in this place.
 G = Mean time per level.
                   A        B        C        D        E       F      G
               +--------+--------+--------+--------+--------+-----+--------+
         Total |    178 |    178 |      0 |      0 |    131 |   1 |  178.0 |
       Dungeon |    178 |    178 |      0 |      0 |    131 |   1 |  178.0 |
               +--------+--------+--------+--------+--------+-----+--------+

Top non-repeatable levels by time:
     D:1: 178 daAuts
